 Dungeon Sprint DCSS version 0.30-a0-1102-g2dbb833546 (webtiles) character file.

Game seed: 7541598890283253298

352 Conn the Arsonist (level 6, -11/37 HPs)
             Began as an Octopode Fire Elementalist on Apr 18, 2023.
             Was an Initiate of Sif Muna.
             Mangled by a tentacle (22 damage)
             ... attached to a kraken
             ... in the Dungeon (Sprint II: "The Violet Keep of Menkaure").
             The game lasted 00:06:29 (570 turns).

Conn the Arsonist (Octopode Fire Elementalist)       Turns: 570, Time: 00:06:29

Health: -11/37     AC:  1    Str: 13    XL:     6   Next: 62%
Magic:  6/15       EV: 14    Int: 20    God:    Sif Muna [......]
Gold:   665        SH:  0    Dex: 12    Spells: 2/17 levels left

rFire   . . .      SeeInvis .    t - +0 short sword
rCold   . . .      Faith    .    (no shield)
rNeg    . . .      Spirit   .    (helmet restricted)
rPois   .          Reflect  .    (no amulet)
rElec   .          Rampage  .    k - +6 ring of strength
rCorr   .          NoTele   +    (no ring)
Will    .....                    (no ring)
Stlth   +++++                    (no ring)
HPRegen 0.26/turn                (no ring)
MPRegen 0.14/turn                (no ring)
                                 (no ring)
                                 (no ring)

@: lethally poisoned (-11 -> -12), very slightly contaminated
A: almost no armour, amphibious, 8 rings, camouflage 1, gelatinous body 1,
nimble swimmer 1, tentacles
a: Renounce Religion


You were in the Dungeon.
You worshipped Sif Muna.
Sif Muna was noncommittal.
You visited 1 branch You collected 665 gold pieces.

Inventory:

Hand Weapons
 t - a +0 short sword (weapon)
Magical Staves
 e - a staff of cold
Jewellery
 k - a +6 ring of strength (left tentacle)
 p - a +5 ring of evasion
 r - a ring of willpower
 s - a ring of protection from cold
Scrolls
 d - 3 scrolls of identify {unknown}
 f - a scroll of blinking
 g - 2 scrolls of fog {unknown}
 i - a scroll of magic mapping {unknown}
 j - 2 scrolls of vulnerability {unknown}
 m - 3 scrolls of brand weapon {unknown}
 n - a scroll of poison {unknown}
 q - a scroll of amnesia {unknown}
Potions
 a - 6 potions of magic
 b - 2 potions of curing
 c - 2 potions of heal wounds
 h - a potion of ambrosia {unknown}
 l - 3 potions of resistance {unknown}
 o - 3 potions of flight {unknown}


   Skills:
 + Level 0.3 Fighting
 + Level 5.0 Dodging
 - Level 6.4 Stealth
 * Level 6.4 Spellcasting
 * Level 2.4 Conjurations
 + Level 10.2 Fire Magic


You had 2 spell levels left.
You knew the following spells:

 Your Spells              Type           Power      Damage    Failure   Level
a - Foxfire               Conj/Fire      100%       2x1d9     1%          1
b - Scorch                Fire           94%        2d9       1%          2
c - Inner Flame           Hex/Fire       26%        N/A       3%          3
d - Flame Wave            Conj/Fire      31%        2d9       8%          4
e - Call Imp              Summ           12%        N/A       16%         2
f - Mephitic Cloud        Conj/Pois/Air  9%         N/A       22%         3

Your spell library contained the following spells:

 Spells                   Type           Power      Damage    Failure   Level
 Magic Dart               Conj           64%        1d6       3%          1
 Lesser Beckoning         Tloc           12%        N/A       16%         2
 Volatile Blastmotes      Fire/Tloc      52%        2d14      3%          3
 Gell's Gravitas          Tloc           6%         N/A       30%         3
 Teleport Other           Tloc           6%         N/A       30%         3


Dungeon Overview and Level Annotations

Branches:
Dungeon (1/1)

Altars:
Cheibriados
Dithmenos
Elyvilon
Fedhas
Gozag
Hepliaklqana
Kikubaaqudgha
Makhleb
Nemelex Xobeh
Okawaru
Qazlal
Ru
Sif Muna
Trog
Uskayaw
Vehumet
Wu Jian
Xom
Yredelemnul
Zin
The Shining One
Jiyva
Lugonu


Innate Abilities, Weirdness & Mutations

You cannot wear most types of armour.
You are amphibious.
You can wear up to eight rings at the same time.
Your skin changes colour to match your surroundings (Stealth+).
Your rubbery body absorbs attacks. (AC +1, EV +1)
You are camouflaged when in or above water. (Stealth+)
You have tentacles for arms and can constrict up to eight enemies at once.


Message History

Confirm with . or Enter, or press ? or * to list all spells.
The spell is quite dangerous to miscast (22% risk of failure)!
Continue anyway?
Okay, then.
There is an open door here.
You enter the shallow water.
Casting: Mephitic Cloud (quite dangerous; 22% risk of failure)
Confirm with . or Enter, or press ? or * to list all spells.
The spell is quite dangerous to miscast (22% risk of failure)!
Continue anyway?
Aiming: Mephitic Cloud (quite dangerous; 22% risk of failure)
Press: ? - help, Shift-Dir - straight line You miscast Mephitic Cloud.
You are very lightly contaminated with residual magic.
Nothing appears to happen.
Casting: Mephitic Cloud (quite dangerous; 22% risk of failure)
Confirm with . or Enter, or press ? or * to list all spells.
The spell is quite dangerous to miscast (22% risk of failure)!
Continue anyway?
Aiming: Mephitic Cloud (quite dangerous; 22% risk of failure)
Press: ? - help, Shift-Dir - straight line, f - kraken
Aim: a kraken (water, chance to affect: 24%)
You miscast Mephitic Cloud.
You feel incredibly sick!
You are poisoned.
You feel sick.
Tentacles burst out of the water! 4 tentacles come into view.
Casting: Mephitic Cloud (quite dangerous; 22% risk of failure)
Confirm with . or Enter, or press ? or * to list all spells.
You don't know that spell.
Casting: Mephitic Cloud (quite dangerous; 22% risk of failure)
Confirm with . or Enter, or press ? or * to list all spells.
The spell is quite dangerous to miscast (22% risk of failure)!
Continue anyway?
Aiming: Mephitic Cloud (quite dangerous; 22% risk of failure)
Press: ? - help, Shift-Dir - straight line, f/p - kraken
Aim: a kraken (water, chance to affect: 24%)
You miscast Mephitic Cloud.
Nothing appears to happen.
You feel sick. The tentacle slaps you!
Unknown command.
You feel sick. The tentacle misses you.
You feel sick. The tentacle closely misses you.
You feel sick. The tentacle slaps you!!
Ouch! That really hurt!
You die...

#})▓(.)[(...▓▓ ###
+.####):▓...[...[▓▓ ..#
...####▓....)...▓▓ ..##
#..# #▓.[...(..▓▓ #..# +..#
#▓........▓▓ #..# #..#
#▓........▓▓
'..####..####▓(.(.))..▓▓
#....###...##▓▓▓▓▓▓▓Λ▓▓▓▓+▓
#......†~~~~~~~~@w~~.──Xw≈▓
§~.....~#'########+###w≈w≈▓
~~~~~..~#.._.....#~~~##≈≈≈▓
§~§§~~.~#._._....#~~≈≈####▓
≈≈§§~~~~#_._._...#~§§§§#
§§§§≈~~~#._._._..#~§S§§≈
≈≈≈§≈§≈~#_._._._.#~~§§~≈
≈≈≈###§≈#._._._._#~S§~≈S
#≈≈ #§§#_._._._.#§


You could see a kraken, 2 tentacles and 2 water moccasins.

Vanquished Creatures
  A water moccasin (D)
  4 scorpions (D)
  3 worms (D)
8 creatures vanquished.

Vanquished Creatures (others)
  35 foxfires (D)
  4 tentacles (D)
39 creatures vanquished.

Grand Total: 47 creatures vanquished

Notes
Turn   | Place    | Note
-------+----------+-------------------------------------------
     0 | D        | Conn the Octopode Fire Elementalist began the quest for the
                  | Orb.
     0 | D        | Reached XP level 1. HP: 11/11 MP: 3/3
     4 | D        | Noticed a boulder beetle
     4 | D        | Noticed a boulder beetle
     8 | D        | Noticed a scorpion
     8 | D        | Noticed a scorpion
    13 | D        | Noticed a scorpion
    18 | D        | Killed a scorpion
    19 | D        | Reached skill level 6 in Fire Magic
    19 | D        | Reached XP level 2. HP: 17/17 MP: 0/6
    19 | D        | Reached XP level 3. HP: 21/21 MP: 0/8
    19 | D        | Reached XP level 4. HP: 27/27 MP: 0/9
    23 | D        | Killed a scorpion
    24 | D        | Reached skill level 7 in Fire Magic
    24 | D        | Reached XP level 5. HP: 31/31 MP: 0/11
    29 | D        | Reached skill level 5 in Stealth
    29 | D        | Reached skill level 8 in Fire Magic
    39 | D        | Learned a level 2 spell: Scorch
    43 | D        | Learned a level 3 spell: Inner Flame
    48 | D        | Learned a level 4 spell: Flame Wave
    76 | D        | Reached skill level 5 in Spellcasting
    76 | D        | Reached skill level 9 in Fire Magic
    76 | D        | Reached XP level 6. HP: 12/36 MP: 1/14
   147 | D        | Found a stormy altar of Qazlal.
   147 | D        | Found an ornate altar of the Wu Jian Council.
   149 | D        | Found a hazy altar of Hepliaklqana.
   149 | D        | Found a sacrificial altar of Ru.
   150 | D        | Found a viscous altar of Jiyva.
   150 | D        | Found a shimmering blue altar of Sif Muna.
   150 | D        | Found a shimmering altar of Xom.
   151 | D        | Found a snail-covered altar of Cheibriados.
   151 | D        | Found an ancient bone altar of Kikubaaqudgha.
   151 | D        | Found a bloodstained altar of Trog.
   152 | D        | Found a shadowy altar of Dithmenos.
   152 | D        | Found a corrupted altar of Lugonu.
   152 | D        | Noticed a water moccasin
   156 | D        | Killed a water moccasin
   157 | D        | Reached skill level 5 in Dodging
   157 | D        | Reached skill level 10 in Fire Magic
   157 | D        | Found a white marble altar of Elyvilon.
   157 | D        | Found a burning altar of Makhleb.
   157 | D        | Found a glowing golden altar of the Shining One.
   157 | D        | Found a basalt altar of Yredelemnul.
   157 | D        | Found a hide-covered altar of Uskayaw.
   158 | D        | Found a blossoming altar of Fedhas.
   160 | D        | Found an opulent altar of Gozag.
   160 | D        | Found a sparkling altar of Nemelex Xobeh.
   161 | D        | Found a glowing silver altar of Zin.
   161 | D        | Found a radiant altar of Vehumet.
   161 | D        | Found an iron altar of Okawaru.
   166 | D        | Noticed a flying skull
   167 | D        | Became a worshipper of Sif Muna the Loreminder
   176 | D        | Noticed a water moccasin
   177 | D        | Noticed a water moccasin
   180 | D        | Noticed a water moccasin
   181 | D        | Noticed a kraken
   314 | D        | Learned a level 2 spell: Call Imp
   318 | D        | Learned a level 3 spell: Mephitic Cloud
   570 | D        | Mangled by a tentacle

Illustrated notes

Levels and vault maps discovered:
D:        the_violet_keep_of_menkaure [sprint2_stairs_cluster_1,
          sprint2_shoproom, sprint2_temple, sprint2_basic_supplies,
          sprint2_obstacle_4, sprint2_obstacle_1, sprint2_obstacle_3,
          sprint2_obstacle_5, sprint2_obstacle_2, sprint2_timed_cluster_1,
          sprint2_smallroom_cluster_1, sprint2_smallroom_final_cluster_1,
          sprint2_transparent_cluster_1, sprint2_second_timed_cluster_1,
          sprint2_sniper_area_1, sprint2_heavy_combat_area_1,
          sprint2_mutation_trap_area_1, sprint2_forest_area_1,
          sprint2_light_combat_area_1, sprint2_behind_water_1,
          sprint2_near_end_vault_1]

Skill      XL: |  1  2  3  4  5  6 |
---------------+-------------------+-----
Dodging        | 3 4 5 |  5.0
Stealth        | 4 5 6 |  6.4
Spellcasting   | 3 4 5 6 |  6.4
Fire Magic     | 6 7 9 10 | 10.2
Conjurations   | 2 |  2.4
Fighting       | |  0.3

Action                     |  1- 3 |  4- 6 || total
---------------------------+-------+-------++-------
  Melee: Unarmed           |     3 |    17 ||    20
         Constrict         |     1 |     3 ||     4
         Punch             |     1 |       ||     1
         Tentacles         |       |     4 ||     4
   Cast: Foxfire           |     3 |    16 ||    19
         Scorch            |       |     2 ||     2
         Flame Wave        |       |     1 ||     1
         Mephitic Cloud    |       |     6 ||     6
         Inner Flame       |       |     2 ||     2
    Use: Potion            |     2 |       ||     2
         Scroll            |       |     1 ||     1
  Dodge: Dodged            |       |    12 ||    12

Table legend: (Time is in decaauts)
 A = Elapsed time spent in this place.
 B = Non-inter-level travel time spent in this place.
 C = Inter-level travel time spent in this place.
 D = Time resting spent in this place.
 E = Time spent auto-exploring this place.
 F = Levels seen in this place.
 G = Mean time per level.
                   A        B        C        D        E       F      G
               +--------+--------+--------+--------+--------+-----+--------+
         Total |    566 |    566 |      0 |    195 |      0 |   1 |  566.0 |
       Dungeon |    566 |    566 |      0 |    195 |      0 |   1 |  566.0 |
               +--------+--------+--------+--------+--------+-----+--------+

Top non-repeatable levels by time:
       D: 566 daAuts
